 Dungeon Crawl Stone Soup version 0.18-a0-1166-g6e2d2a0 (console) character file.

82 FIQ the Insei (level 4, -6/40 HPs)
             Began as a Hill Orc Monk on Jan 26, 2016.
             Mangled by an ogre
             ... wielding a +0 giant spiked club
              (24 damage)
             ... on level 4 of the Dungeon.
             The game lasted 00:04:06 (2582 turns).

FIQ the Insei (Hill Orc Monk)                       Turns: 2582, Time: 00:04:06

Health: -6/40      AC:  5    Str: 13    XL:     4   Next: 43%
Magic:  4/4        EV: 16    Int: 10    God:
Gold:   194        SH:  0    Dex: 14    Spells: 0 memorised, 3 levels left

rFire  . . .     SeeInvis .     v - +2 short sword (vamp)
rCold  . . .     Gourm    .     a - +0 robe
rNeg   . . .     Faith    .     (no shield)
rPois  .         Spirit   .     (no helmet)
rElec  .         Dismiss  .     o - +0 cloak
rCorr  .         Reflect  .     i - +1 pair of gloves
SustAt .         Harm     .     (no boots)
MR     .....                    (no amulet)
Stlth  ++........               (no ring)
                                x - +3 ring of evasion

@: not resistant to hostile enchantments, unstealthy
A: no striking features
a: no special abilities


You were on level 4 of the Dungeon.
You were not hungry.

You visited 1 branch of the dungeon, and saw 4 of its levels.

You collected 194 gold pieces.

Inventory:

Hand Weapons
 f - a +1 dagger of speed
 k - a +0 mace
 n - a -2 hand axe
 v - a +2 vampiric short sword (weapon)
Armour
 a - a +0 robe (worn)
 i - a +1 pair of gloves (worn)
 o - a +0 cloak (worn)
Jewellery
 p - an uncursed amulet of guardian spirit {unknown}
 x - a +3 ring of evasion (left hand)
 y - an uncursed amulet of rage {unknown}
Scrolls
 c - 3 scrolls of enchant weapon {unknown}
 e - a scroll of remove curse
 g - 2 scrolls of fog {unknown}
 h - a scroll of blinking {unknown}
 j - 2 scrolls of teleportation {unknown}
 l - 3 scrolls of identify {unknown}
 w - a scroll of amnesia {unknown}
Potions
 t - a potion of cure mutation {unknown}
Books
 q - Kikubaaqudgha's Disquisition on Necromancy
   (You found it on level 2 of the Dungeon)

   Spells                             Type                      Level
   a - Pain                           Necromancy                   1
 r - Sif Muna's Disquisition on the Oath
   (You found it on level 2 of the Dungeon)

   Spells                             Type                      Level
   a - Corona                         Hexes                        1
 s - Vehumet's Papyrus of Confrontation
   (You found it on level 2 of the Dungeon)

   Spells                             Type                      Level
   a - Magic Dart                     Conjuration                  1
 A - a book of Necromancy

   Spells                             Type                      Level
   a - Pain                           Necromancy                   1
   b - Animate Skeleton               Necromancy                   1
   c - Vampiric Draining              Necromancy                   3
   d - Regeneration                   Charms/Necromancy            3
   e - Animate Dead                   Necromancy                   4
   f - Control Undead                 Necromancy                   4
Comestibles
 b - 3 bread rations
 m - a slice of pizza
 u - 3 beef jerkies
 z - a meat ration


   Skills:
 + Level 4.3 Fighting
 * Level 2.3 Axes
 + Level 1.6 Armour
 + Level 3.0 Dodging
 - Level 1.5 Stealth
 - Level 4.3 Unarmed Combat


You had 3 spell levels left.
You didn't know any spells.

Dungeon Overview and Level Annotations

Branches:
Dungeon (4/15)
 Temple: D:4-7

Altars:
Elyvilon
Kikubaaqudgha
Nemelex Xobeh
Ru
Sif Muna
Vehumet


Message History

An ogre comes into view. It is wielding a giant spiked club.
An ogre is nearby!
The ogre shouts!
You hit the ogre.
The ogre is moderately wounded.
The ogre misses you.
You barely miss the ogre.
The ogre is lightly wounded.
The ogre misses you.
You hit the ogre.
The ogre is heavily wounded.
The ogre hits you with a giant spiked club!!
Ouch! That really hurt!
You barely miss the ogre.
The ogre is heavily wounded.
You hit the ogre.
The ogre is heavily wounded.
The ogre hits you with a giant spiked club!!
Ouch! That really hurt!
You die...

........>.#
.........#
........# #.......#
######<......#
#............#
#............#
#######......######
######.####.......
..............)....
###.#......@O......
#<.............
#.......####...
#......... .
####...#### ...##
#..## ...


You could see an ogre.

Vanquished Creatures
  A worker ant (D:3)
  An adder (D:2)
  2 worms (D:2)
  A giant gecko (D:1)
  6 bats
  3 giant cockroaches
  3 goblins
  5 hobgoblins
  7 jackals
  A quokka (D:2)
  5 giant newts
  3 kobolds (D:2)
  2 rats (D:2)
40 creatures vanquished.

Notes
Turn   | Place    | Note
--------------------------------------------------------------
     0 | D:1      | FIQ the Hill Orc Monk began the quest for the Orb.
     0 | D:1      | Reached XP level 1. HP: 19/19 MP: 1/1
   251 | D:1      | Reached XP level 2. HP: 24/27 MP: 2/2
   960 | D:1      | You fall through a shaft!
   979 | D:2      | Reached skill level 1 in Armour
  1333 | D:2      | Reached XP level 3. HP: 26/33 MP: 3/3
  1453 | D:2      | Reached skill level 1 in Axes
  1459 | D:2      | Found an ancient bone altar of Kikubaaqudgha.
  1461 | D:2      | Found a deep blue altar of Sif Muna.
  1461 | D:2      | Found a radiant altar of Vehumet.
  1466 | D:2      | Identified Kikubaaqudgha's Disquisition on Necromancy
  1473 | D:2      | Identified Sif Muna's Disquisition on the Oath
  1482 | D:2      | Identified Vehumet's Papyrus of Confrontation
  1604 | D:2      | Found a sparkling altar of Nemelex Xobeh.
  1965 | D:3      | Reached XP level 4. HP: 18/40 MP: 4/4
  2324 | D:3      | Found a sacrificial altar of Ru.
  2405 | D:3      | Found a white marble altar of Elyvilon.
  2573 | D:4      | Noticed an ogre
  2582 | D:4      | Mangled by an ogre

Vault maps used:
D:1:      elethiomel_arrival_infinity_welcomes_careful_drivers
D:2:      grunt_temple_overflow_magic_moments, nicolae_overflow_crystal_walls,
          serial_corexii_hall, corexii_hall_statues_l, corexii_hall_statues_l,
          minmay_misc_feat_rugged
D:3:      nicolae_ru_path_of_blood, first_bread, elyvilon_altar_4
D:4:      minmay_door_path, lemuel_round_altar, makhleb_grotto_becter,
          portal_sewer_entry_e

Action                   |  1- 3 |  4- 6 || total
-------------------------+-------+-------++-------
Melee: Unarmed           |    13 |       ||    13
       Club              |    17 |       ||    17
       Dagger            |    71 |       ||    71
       Mace              |    18 |       ||    18
       Short sword       |    59 |    27 ||    86
  Use: Potion            |     5 |       ||     5
       Scroll            |     1 |       ||     1
 Stab: Sleeping          |     7 |       ||     7
  Eat: Chunk             |     3 |     2 ||     5
       Meat ration       |     1 |       ||     1
